 Dungeon Crawl Stone Soup version 0.25-a0-701-gb30f108f01 (webtiles) character file.

Game seed: 2008156054739271531, levelgen mode: deterministic

194 Conn the Magician (level 5, -3/51 HPs)
             Began as an Octopode Wizard on Apr 3, 2020.
             Slain by Zajic's ghost (11 damage)
             ... on level 3 of the Dungeon.
             The game lasted 00:10:11 (2785 turns).

Conn the Magician (Octopode Wizard)                 Turns: 2785, Time: 00:10:11

Health: -3/51      AC:  1    Str:  7    XL:     5   Next: 73%
Magic:  4/11       EV: 13    Int: 21    God:
Gold:   139        SH:  0    Dex: 10    Spells: 1/12 levels left

rFire    . . .     SeeInvis .   k - +3 short sword
rCold    . . .     Gourm    .   (no shield)
rNeg     . . .     Faith    .   a - +0 hat
rPois    .         Spirit   .   (no amulet)
rElec    .         Reflect  .   (no ring)
rCorr    .         Harm     .   (no ring)
MR       .....                  (no ring)
Stlth    ..........             (no ring)
HPRegen  0.17/turn              (no ring)
MPRegen  0.12/turn              (no ring)
                                (no ring)
                                (no ring)

@: berserking, lethally poisoned (-3 -> -5), very quick
A: almost no armour, stealthy swim, amphibious, 8 rings, constrict 8, camouflage
1, gelatinous body 1
a: no special abilities


You were on level 3 of the Dungeon.
You were hungry.

You visited 1 branch of the dungeon, and saw 3 of its levels.

You collected 139 gold pieces.

Inventory:

Hand Weapons
 e - a +0 short sword
 k - a +3 short sword (weapon)
Missiles
 g - 23 sling bullets
Armour
 a - a +0 hat (worn)
Scrolls
 f - 2 scrolls of identify
 n - a scroll of noise {unknown}
 p - a scroll of fear {unknown}
 q - 3 scrolls of teleportation {unknown}
 r - a scroll of blinking {unknown}
Potions
 d - 2 potions of flight
 h - a potion of cancellation
 j - a potion of stabbing
 m - a potion of heal wounds {unknown}
 o - a potion of curing {unknown}
Comestibles
 c - 4 rations


   Skills:
 * Level 2.1 Fighting
 + Level 1.7 Short Blades
 + Level 2.3 Dodging
 - Level 2.6 Stealth
 * Level 4.3 Spellcasting
 * Level 2.2 Conjurations
 + Level 1.1 Summonings
 + Level 1.0 Translocations


You had one spell level left.
You knew the following spells:

 Your Spells              Type           Power        Failure   Level  Hunger
a - Magic Dart            Conj           ##..         4%          1    None
b - Blink                 Tloc           N/A          12%         2    #......
c - Call Imp              Summ           #.......     11%         2    #......
d - Conjure Flame         Conj/Fire      #.......     22%         3    ##.....
e - Mephitic Cloud        Conj/Pois/Air  #.......     26%         3    ##.....

Your spell library contained the following spells:

 Spells                   Type           Power        Failure   Level  Hunger
 Slow                     Hex            #.......     17%         2    #......


Dungeon Overview and Level Annotations

Branches:
Dungeon (3/15)

Altars:

Annotations:
D:3 Zajic's ghost, amateur MiBe


Innate Abilities, Weirdness & Mutations

You cannot wear most types of armour.
You are very stealthy in the water. (Stealth+)
You are amphibious.
You can wear up to eight rings at the same time.
You can use your tentacles to constrict eight enemies at once.
Your skin changes colour to match your surroundings (Stealth+).
Your rubbery body absorbs attacks. (AC +1, EV +1)


Message History

Confirm with . or Enter, or press ? or * to list all spells.
You blink.
It was a potion of flight.
You feel very buoyant.
You fly up into the air.
You feel sick.
It was a potion of cancellation.
Your magical effects are unravelling.
You feel magically purged.
You float gracefully downwards.
It was a potion of berserk rage.
A red film seems to cover your vision as you go berserk!
You feel yourself moving faster!
You feel mighty!
You feel sick.
You hit Zajic's ghost.
Zajic's ghost is lightly damaged.
Zajic's ghost closely misses you.
You puncture Zajic's ghost! Your squeeze misses Zajic's ghost.
Zajic's ghost is moderately damaged.
You hit Zajic's ghost.
Zajic's ghost is heavily damaged.
Zajic's ghost hits you!
You die...

..........#### #(#
...>.........# #(#
######.(.###.. #≈######
#...### ###≈#....##
##..[<#####≈#.....##
#...)...#.#'#......#
#...#..............#
#....##.#†..[......#
#.....#...W@.......#
#..................#
#######.#..............#
#....##.#..##..........#
#.......##.##.............
#.......##..#..........##.
#.......###.........÷..#
####.#..#####..........#
#.##..# ##.........#


You could see Zajic's ghost.

Vanquished Creatures
  An orc wizard (D:3)
  2 gnolls (D:3)
  5 adders
  A shadow imp (D:3)
  A worm (D:3)
  2 dart slugs (D:2)
  2 leopard geckos (D:2)
  4 orcs
  2 bats (D:2)
  A giant cockroach (D:2)
  4 goblins
  8 hobgoblins
  4 jackals (D:2)
  2 quokkas (D:2)
  A ball python (D:3)
  4 frilled lizards
  7 kobolds
  6 rats
57 creatures vanquished.

Vanquished Creatures (collateral kills)
  An orc wizard (D:3)
  An adder (D:3)
  2 gnolls (D:3)
  A bat (D:3)
5 creatures vanquished.

Grand Total: 62 creatures vanquished

Notes
Turn   | Place    | Note
-------+----------+-------------------------------------------
     0 | D:1      | Conn the Octopode Wizard began the quest for the Orb.
     0 | D:1      | Reached XP level 1. HP: 11/11 MP: 4/4
   426 | D:1      | Reached XP level 2. HP: 17/18 MP: 4/6
   903 | D:1      | Reached skill level 1 in Fighting
   930 | D:1      | Reached XP level 3. HP: 19/23 MP: 6/8
  1325 | D:2      | Reached XP level 4. HP: 14/28 MP: 1/9
  1543 | D:2      | Learned a level 2 spell: Blink
  1546 | D:2      | Learned a level 2 spell: Call Imp
  1550 | D:2      | Learned a level 3 spell: Conjure Flame
  1590 | D:2      | HP: 1/28 [poisoned by an adder]
  1907 | D:3      | Reached skill level 1 in Short Blades
  2273 | D:3      | Reached skill level 4 in Spellcasting
  2273 | D:3      | Reached XP level 5. HP: 30/34 MP: 1/11
  2452 | D:3      | Found a runed translucent door.
  2456 | D:3      | Noticed Zajic's ghost (amateur MiBe)
  2747 | D:3      | Learned a level 3 spell: Mephitic Cloud
  2785 | D:3      | Slain by Zajic's ghost

Levels and vault maps discovered:
D:1:      tarquinn_simple_flora_water_e, layout_loops_ring
D:2:      layout_basic, minmay_hexomino_f4
D:3:      layout_rooms, zin_angel,
          nicolae_gozag_cash_rules_everything_around_me, first_ration,
          ebering_ghost_sewer_d

Skill      XL: |  1  2  3  4  5 |
---------------+----------------+-----
Fighting       | 1 2 |  2.1
Short Blades   | 1 |  1.7
Conjurations   | 2 |  2.2
Spellcasting   | 4 |  4.3
Dodging        | |  2.3
Stealth        | |  2.6
Summonings     | |  1.1
Translocations | |  1.0

Action                   |  1- 3 |  4- 6 || total
-------------------------+-------+-------++-------
Melee: Short sword       |    58 |    50 ||   108
       Constrict         |    14 |    13 ||    27
       Tentacles         |     5 |     7 ||    12
Throw: Throwing net      |       |     1 ||     1
 Cast: Magic Dart        |    42 |    31 ||    73
       Call Imp          |       |     4 ||     4
       Blink             |       |     3 ||     3
       Mephitic Cloud    |       |     1 ||     1
  Use: Scroll            |     3 |       ||     3
       Potion            |       |     3 ||     3
 Stab: Sleeping          |     1 |       ||     1
  Eat: Chunk             |     1 |     1 ||     2
       Ration            |       |     1 ||     1
Armor: Skin              |     3 |     1 ||     4
Dodge: Dodged            |    53 |    43 ||    96

Table legend:
 A = Non-vault XP
 B = Vault XP
 C = Vault XP percentage of total XP
 D = Non-vault monster count
 E = Vault monster count
 F = Vault count percentage of total count
                 A         B        C        D         E       F
            +---------+---------+-------+---------+---------+-------
      Total |     253 |      25 |   9.0 |      57 |       5 |   8.1
            +---------+---------+-------+---------+---------+-------
        D:1 |      16 |       0 |   0.0 |      11 |       0 |   0.0
        D:2 |      85 |       5 |   5.6 |      25 |       3 |  10.7
        D:3 |     152 |      20 |  11.6 |      21 |       2 |   8.7
            +---------+---------+-------+---------+---------+-------
